 Dungeon Crawl Stone Soup version 0.29.0-13-gc9e81de378 (webtiles) character file.

Game seed: 7060504486642759180

225 iguanaiguana the Chopper (level 5, -4/47 HPs)
             Began as a Minotaur Fighter on Sept 7, 2022.
             Was an Initiate of Okawaru.
             Killed from afar by an orc wizard (8 damage)
             ... with a magic dart
             ... on level 3 of the Dungeon.
             The game lasted 00:01:06 (2681 turns).

iguanaiguana the Chopper (Minotaur Fighter)         Turns: 2681, Time: 00:01:06

Health: -4/47      AC:  7    Str: 23    XL:     5   Next: 68%
Magic:  4/4        EV:  9    Int:  5    God:    Okawaru [......]
Gold:   147        SH:  4    Dex:  9    Spells: 4/4 levels left

rFire   . . .      SeeInvis .   a - +0 war axe
rCold   . . .      Faith    .   c - +0 buckler
rNeg    . . .      Spirit   .   b - +0 scale mail
rPois   .          Reflect  .   (helmet restricted)
rElec   .          Harm     .   (no cloak)
rCorr   .          Rampage  .   (no gloves)
Will    .....                   (no boots)
Stlth   ..........              (no amulet)
HPRegen 0.15/turn               (no ring)
MPRegen 0.09/turn               (no ring)

@: no status effects
A: horns 2, retaliatory headbutt
a: Renounce Religion


You were on level 3 of the Dungeon.
You worshipped Okawaru.
Okawaru was noncommittal.
You visited 1 branch of the dungeon, and saw 3 of its levels.

You collected 147 gold pieces.

Inventory:

Hand Weapons
 a - a +0 war axe (weapon)
Armour
 b - a +0 scale mail (worn)
 c - a +0 buckler (worn)
Jewellery
 o - an amulet of magic regeneration
Wands
 n - a wand of light (12)
Scrolls
 f - a scroll of enchant armour {unknown}
 g - a scroll of poison {unknown}
 i - a scroll of teleportation {unknown}
 j - 3 scrolls of identify {unknown}
 k - a scroll of noise {unknown}
Potions
 d - a potion of might {@q3}
 e - a potion of ambrosia {unknown}
 h - 2 potions of curing {unknown}
 l - 2 potions of heal wounds {unknown}
 m - a potion of degeneration {unknown}
 p - a potion of mutation {unknown}


   Skills:
 + Level 4.6 Fighting
 * Level 5.0 Axes
 + Level 4.8 Armour
 + Level 4.6 Shields


You had 4 spell levels left.
You didn't know any spells.
Your spell library contained the following spells:

 Spells                   Type           Power      Damage    Failure   Level
 Ozocubu's Armour         Ice            0%         N/A       99%         3
 Metabolic Englaciation   Hex/Ice        0%         N/A       100%        5
 Simulacrum               Ice/Necr       Unusable   N/A       N/A         6

Dungeon Overview and Level Annotations

Branches:
Dungeon (3/15) Zot: 15265

Altars:
Okawaru
Sif Muna

Annotations:
D:3 exclusion: door


Innate Abilities, Weirdness & Mutations

You have a pair of horns on your head.
You reflexively headbutt those who attack you in melee.


Message History

A magic dart appears from out of thin air!
The magic dart hits you.
* * * LOW HITPOINT WARNING * * *
The orc hits you with a +0 mace.
* * * LOW HITPOINT WARNING * * *
Your Axes skill increases to level 5!
You barely miss something. You hit the orc but do no damage.
You miss something. You closely miss the orc. You miss something.
You hit the orc. You closely miss something. You hit the orc but do no damage.
You closely miss something. You slash the orc!
You kill the orc!
You miss something. You completely miss something. You miss something.
You hear some strange, mumbled words.
Something tries to affect you, but you resist.
You closely miss something. You miss something. Something hits you.
* * * LOW HITPOINT WARNING * * *
You hear some strange, mumbled words.
A magic dart appears from out of thin air!
The magic dart hits you.
* * * LOW HITPOINT WARNING * * *
You miss something.
You hear some strange, mumbled words.
A magic dart appears from out of thin air!
The magic dart hits you.
* * * LOW HITPOINT WARNING * * *
You hit something but do no damage.
You hear some strange, mumbled words.
A magic dart appears from out of thin air!
The magic dart hits you.
* * * LOW HITPOINT WARNING * * *
You completely miss something. You miss something.
You hear some strange, mumbled words.
A magic dart appears from out of thin air!
The magic dart hits you!
You die...

#.........# #................
#.........#############.#.##.####
#.........##.)......##......(....
#.........##........+.....#...###
#.........##........##..#.#......
###..................#..#.#..)###
.##.#########....##..#.)#.#.#.#
.##.# #..){##.......#..<. ....###
#..)@##..##.#.####### #.....
+....'......#........ #..###
#....##..#..#.####### ...#
#....##..#..#.### ...#
###.............# ...#
#.###..#..#.#.# ...##
#.###..#..#.#.# .#..#
#...........#.##### .#..###
#.###..#..#........


There were no monsters in sight!

Vanquished Creatures
  2 orc priests (D:3)
  Natasha (D:2)
  Robin (D:2)
  2 gnolls (D:3)
  2 adders (D:2)
  4 worms
  2 orcs (D:3)
  2 endoplasms (D:1)
  2 giant cockroaches (D:1)
  17 goblins
  9 hobgoblins
  5 jackals
  3 quokkas
  4 ball pythons
  3 bats
  5 frilled lizards (D:1)
  8 kobolds
  6 rats
78 creatures vanquished.

Vanquished Creatures (others)
  A plant (D:1)
1 creature vanquished.

Grand Total: 79 creatures vanquished

Notes
Turn   | Place    | Note
-------+----------+-------------------------------------------
     0 | D:1      | iguanaiguana the Minotaur Fighter began the quest for the
                  | Orb.
     0 | D:1      | Reached XP level 1. HP: 19/19 MP: 0/0
    50 | D:1      | Found a faded altar of an unknown god.
    77 | D:1      | Reached XP level 2. HP: 27/27 MP: 1/1
    85 | D:1      | Reached skill level 3 in Axes
   447 | D:1      | Reached XP level 3. HP: 33/33 MP: 2/2
  1163 | D:2      | Noticed Robin
  1169 | D:2      | Reached XP level 4. HP: 34/40 MP: 3/3
  1183 | D:2      | Killed Robin
  1184 | D:2      | Reached skill level 4 in Axes
  1389 | D:2      | Noticed Natasha
  1392 | D:2      | Killed Natasha
  1429 | D:2      | Identified the +2 cloak "Tiridigg" {rElec MP+9 Int+3}
  2202 | D:3      | Found an iron altar of Okawaru.
  2207 | D:3      | Reached XP level 5. HP: 46/47 MP: 4/4
  2217 | D:3      | Became a worshipper of Warmaster Okawaru
  2565 | D:3      | Found a shimmering blue altar of Sif Muna.
  2668 | D:3      | Reached skill level 5 in Axes
  2681 | D:3      | Killed from afar by an orc wizard

Illustrated notes

Levels and vault maps discovered:
D:1:      eino_arrival_cavern_d, layout_rooms,
          shapermc_ecumenical_altar_mp_ritualfount, minmay_strange_pillars,
          nicolae_titane
D:2:      layout_loops_corners, uniq_robin, uniq_natasha
D:3:      layout_basic, okawaru_altar_gauntlet_db, led_sif_book,
          grunt_ministairs_1

Skill      XL: |  1  2  3  4  5 |
---------------+----------------+-----
Axes           | 3 4 5 |  5.0
Armour         | 4 |  4.8
Shields        | 4 |  4.6
Fighting       | 4 |  4.6

Action                   |  1- 3 |  4- 6 || total
-------------------------+-------+-------++-------
Melee: War axe           |    77 |    72 ||   149
       Headbutt          |     8 |     9 ||    17
Armor: Scale mail        |    42 |    43 ||    85
Dodge: Dodged            |    41 |    30 ||    71
Block: Buckler           |    18 |    13 ||    31
